 Dungeon Crawl Stone Soup version 0.29.1-12-g30fa7ad0bf (webtiles) character file.

Game seed: 3396631832439902438

3306 cheesebisquit the Cleaver (level 9, -10/120 (123) HPs)
             Began as a Minotaur Berserker on Dec 14, 2022.
             Was a Priest of Trog.
             Mangled by a wight
             ... wielding a +0 halberd
              (13 damage)
             ... on level 8 of the Dungeon.
             The game lasted 00:27:23 (7927 turns).

cheesebisquit the Cleaver (Minotaur Berserker)      Turns: 7927, Time: 00:27:24

HP:   -10/120 (123) AC: 24    Str: 38    XL:     9   Next: 70%
MP:   8/8           EV:  2    Int:  4    God:    Trog [***...]
Gold: 368           SH: 13    Dex: 10    Spells: 8/8 levels left

rFire   . . .      SeeInvis .   a - +0 hand axe
rCold   . . .      Faith    .   r - +4 kite shield "Hikent" {-Tele Str+6}
rNeg    + . .      Spirit   .   (body armour currently unavailable)
rPois   +          Reflect  .   (helmet currently unavailable)
rElec   .          Harm     .   (cloak currently unavailable)
rCorr   .          Rampage  .   (gloves currently unavailable)
Will    .....      NoTele   +   (boots currently unavailable)
Stlth   +.........              (no amulet)
HPRegen 0.30/turn               i - +6 ring of strength
MPRegen 0.11/turn               y - ring of positive energy

@: mighty, tree-form, lightly drained
A: stationary, stasis, torment immunity, boosted hp, (horns 2), (retaliatory
headbutt)
a: Renounce Religion, Berserk, Trog's Hand


You were on level 8 of the Dungeon.
You worshipped Trog.
Trog was most pleased with you.
You were a tree.
You visited 1 branch of the dungeon, and saw 8 of its levels.

You collected 394 gold pieces.
You spent 26 gold pieces at shops.

Inventory:

Hand Weapons
 a - a +0 hand axe (weapon)
 d - a +3 flail
 D - a +0 great mace
 H - a +4 antimagic flail
 J - a +0 battleaxe
Missiles
 e - 56 stones (quivered)
 E - 5 poisoned darts
Armour
 b - a +0 animal skin
 c - a +1 hat (melded)
 g - a +0 scale mail
 l - a +0 pair of gloves (melded)
 r - the +4 kite shield "Hikent" (worn) {-Tele Str+6}
   (You found it on level 2 of the Dungeon)

   Str:       It affects your strength (+6).
   -Tele:     It prevents most forms of teleportation.
 F - a +0 ring mail
 M - a +0 cloak (melded)
 N - a scarf of invisibility
 O - a +0 chain mail (melded)
Jewellery
 i - a +6 ring of strength (left branch)
 y - a ring of positive energy (right branch)
Wands
 K - a wand of mindburst (5)
Scrolls
 f - 2 scrolls of fog {unknown}
 h - a scroll of enchant weapon {unknown}
 m - a scroll of vulnerability {unknown}
 n - a scroll of torment {unknown}
 o - 2 scrolls of teleportation
 p - a scroll of silence {unknown}
 u - 2 scrolls of amnesia {unknown}
 z - a scroll of brand weapon {unknown}
 A - a scroll of poison {unknown}
 C - a scroll of immolation {unknown}
 G - a scroll of summoning {unknown}
 L - a scroll of enchant armour {unknown}
 Q - 2 scrolls of fear {unknown}
Potions
 j - 3 potions of attraction
 k - a potion of haste
 q - a potion of cancellation
 s - a potion of magic
 t - 2 potions of ambrosia
 v - a potion of resistance {unknown}
 w - 2 potions of might
 x - a potion of mutation {unknown}
 B - a potion of lignification
 I - a potion of curing {unknown}
 P - a potion of flight {unknown}


   Skills:
 + Level 8.3 Fighting
 + Level 10.8 Axes
 + Level 7.9 Armour
 - Level 2.4 Dodging
 + Level 7.2 Shields


You had 8 spell levels left.
You didn't know any spells.
Your spell library was empty.

Dungeon Overview and Level Annotations

Branches:
Dungeon (8/15)             Temple (0/1) D:6
   Lair: D:8-11

Altars:
Cheibriados
Dithmenos
Gozag
Nemelex Xobeh
Okawaru
Sif Muna
Trog
Uskayaw
Xom
Zin

Shops:
D:2 *?=(:

Annotations:
D:5 2 transporters


Innate Abilities, Weirdness & Mutations

You are a tree.
Your roots penetrate the ground, keeping you stationary.
You cannot be teleported.
You are immune to unholy pain and torment.
Your maximum health is greatly increased.
Your equipment is partially melded.
((You have a pair of horns on your head.))
((You reflexively headbutt those who attack you in melee.))


Message History

The centaur hits you but does no damage.
You block the centaur's attack. The wight hits you but does no damage.
The gnoll hits you but does no damage.
The centaur hits you but does no damage.
The centaur kicks you but does no damage.
The gnoll hits you but does no damage. You block the wight's attack.
You slice the gnoll!!
You kill the gnoll!
Trog accepts your kill.
You slash the centaur!
You kill the centaur!
Trog accepts your kill. You block the wight's attack.
You slash the wight!
The wight is severely damaged.
You feel yourself speed up.
You block the wight's attack. x2; The wight hits you but does no damage.
The wight hits you from afar with a +0 halberd.
* * * LOW HITPOINT WARNING * * *
You slash the wight!
You destroy the wight!
Trog accepts your kill.
You cannot move.
You cannot move.
You cannot move.
The wight hits you but does no damage. You block the wight's attack.
The wight hits you but does no damage. The wight hits you but does no damage.
The wight hits you from afar with a +0 halberd.
* * * LOW HITPOINT WARNING * * *
You partially resist.
You feel drained.
* * * LOW HITPOINT WARNING * * *
Okay, then.
Okay, then.
You block the wight's attack.
You recover from your berserk rage.
You block the wight's attack.
The wight hits you from afar with a +0 halberd!
You die...

...... ....##
#../.#
#####.#..
.$.......
#.....#
#..z))# #♣#
#)## #..#
##.# #.## .#
#..###
#....#..<#
####.....####
#####....#


You could see a wight.

Vanquished Creatures
  Grinder (D:4)
  Sigmund (D:2)
  2 steam dragons (D:7)
  Edmund (D:4)
  Menkaure (D:4)
  A water moccasin (D:7)
  2 ice beasts
  2 sky beasts
  A black bear (D:6)
  An ogre (D:6)
  A centaur (D:8)
  A phantom (D:5)
  A gnoll sergeant (D:8)
  A necrophage (D:6)
  3 scorpions
  11 wights
  3 jellies
  A hound (D:6)
  3 orc priests
  Jessica (D:2)
  5 iguanas
  4 orc wizards
  8 gnolls
  11 adders
  A river rat (D:6)
  An ufetubus (D:6)
  3 worms (D:2)
  3 dart slugs
  14 orcs
  3 bats
  8 endoplasms
  5 giant cockroaches
  11 goblins
  3 hobgoblins
  5 jackals
  6 kobolds
  4 quokkas
  14 ball pythons
  8 frilled lizards
  5 rats
  A spectral goblin (D:2)
162 creatures vanquished.

Vanquished Creatures (others)
  A centaur (D:7)
  An iguana (D:7)
2 creatures vanquished.

Grand Total: 164 creatures vanquished

Notes
Turn   | Place    | Note
-------+----------+-------------------------------------------
     0 | D:1      | cheesebisquit the Minotaur Berserker began the quest for
                  | the Orb.
     0 | D:1      | Reached XP level 1. HP: 19/19 MP: 0/0
   268 | D:1      | Reached XP level 2. HP: 27/27 MP: 1/1
   290 | D:1      | Reached skill level 4 in Axes
   996 | D:2      | Reached XP level 3. HP: 16/33 MP: 2/2
   998 | D:2      | Reached skill level 5 in Axes
  1279 | D:2      | Reached XP level 4. HP: 34/40 MP: 3/3
  1403 | D:2      | Reached skill level 6 in Axes
  1427 | D:2      | Reached ** piety under Trog
  1437 | D:2      | Noticed Sigmund
  1448 | D:2      | Found Lidoreol's Assorted Antiques.
  1454 | D:2      | Killed Sigmund
  1455 | D:2      | Reached skill level 7 in Axes
  1455 | D:2      | Reached XP level 5. HP: 31/46 MP: 4/4
  1549 | D:2      | Identified the +1 cloak of Polytheism {Harm rN+ Regen+}
  1622 | D:2      | Noticed Jessica
  1627 | D:2      | Killed Jessica
  1628 | D:2      | Reached XP level 6. HP: 52/52 MP: 5/5
  1635 | D:2      | Reached skill level 8 in Axes
  1676 | D:2      | Found Guneruud's Book Boutique.
  1694 | D:2      | Found Dunysh's Jewellery Emporium.
  1708 | D:2      | Identified the +4 kite shield "Hikent" {-Tele Str+6}
  1939 | D:2      | Found a faded altar of an unknown god.
  1965 | D:2      | Found a glowing silver altar of Zin.
  2070 | D:2      | Found Zeblad's Magic Scroll Shop.
  2090 | D:2      | Bought a scroll of identify for 26 gold pieces
  2183 | D:2      | Found Sues's Antique Weapon Emporium.
  2284 | D:3      | You fall into a shaft and drop 3 floors!
  2315 | D:6      | Reached skill level 1 in Shields
  2442 | D:5      | Entered Level 5 of the Dungeon
  2527 | D:5      | Reached XP level 7. HP: 59/60 MP: 6/6
  2797 | D:5      | Found a transporter.
  2956 | D:5      | Found a transporter.
  3021 | D:4      | Noticed Grinder
  3021 | D:4      | Paralysed by Grinder for 4 turns
  3061 | D:3      | Reached skill level 5 in Fighting
  3366 | D:3      | Reached *** piety under Trog
  3797 | D:4      | Found a shadowy altar of Dithmenos.
  3872 | D:4      | Noticed Menkaure
  3878 | D:4      | Killed Menkaure
  4009 | D:4      | Killed Grinder
  4010 | D:4      | Reached skill level 9 in Axes
  4010 | D:4      | Reached skill level 5 in Armour
  4010 | D:4      | Reached XP level 8. HP: 70/70 MP: 7/7
  4018 | D:4      | Found a shimmering altar of Xom.
  4091 | D:4      | Noticed Edmund
  4106 | D:4      | Killed Edmund
  5184 | D:6      | Found a bloodstained altar of Trog.
  5269 | D:6      | Reached skill level 5 in Shields
  5383 | D:6      | Found a staircase to the Ecumenical Temple.
  6463 | D:7      | Found an iron altar of Okawaru.
  6474 | D:7      | Found a shimmering blue altar of Sif Muna.
  6476 | D:7      | Found a sparkling altar of Nemelex Xobeh.
  6481 | D:7      | Found an opulent altar of Gozag.
  6481 | D:7      | Found a hide-covered altar of Uskayaw.
  6681 | D:7      | Reached skill level 10 in Axes
  6681 | D:7      | Reached XP level 9. HP: 79/79 MP: 8/8
  7171 | D:7      | Found a snail-covered altar of Cheibriados.
  7918 | D:8      | HP: 5/123 [wight/+0 halberd (6)]
  7924 | D:8      | HP: 3/123 [wight/+0 halberd (4)]
  7927 | D:8      | Mangled by a wight

Illustrated notes

Levels and vault maps discovered:
D:1:      ncdulo_watergridlock, layout_loops_ring
D:2:      layout_basic, basic_altar, serial_shops, nicolae_shop_statue_plus,
          nicolae_lakefront_shop, shop, shop, nicolae_diamond_shop,
          dreamdust_ecumenical_altar_drowned_temple, minmay_snake_closets,
          uniq_sigmund, uniq_jessica
D:3:      layout_rooms, serial_glass, glass_columns_a, glass_columns_a,
          wander_ebering_terrifying_dragon_lair
D:4:      layout_basic, mainiacjoe_overflow_24_doors, kennysheep_mini_moat,
          uniq_edmund, uniq_menkaure, uniq_grinder
D:5:      gammafunk_steamed_eel, layout_basic
D:6:      layout_layer_cave, bloody_trog, minmay_temple_entry_trees,
          portal_sewer_entry_e
D:7:      layout_layer_cave, lemuel_doored_altar, cheibrodos_worm_habitat,
          chequers_temple_overflow_statue_of_worship, grunt_ministairs_6
D:8:      layout_rooms, enter_bailey_5

Skill      XL: |  1  2  3  4  5  6  7  8  9 |
---------------+----------------------------+-----
Axes           | 4 5 7 8 9 10 | 10.8
Fighting       | 4 5 7 8 |  8.3
Armour         | 3 5 6 7 |  7.9
Shields        | 2 4 5 7 |  7.2
Dodging        | |  2.4

Action                   |  1- 3 |  4- 6 |  7- 9 || total
-------------------------+-------+-------+-------++-------
Melee: Hand axe          |    55 |    97 |   278 ||   430
       Headbutt          |     8 |    13 |    56 ||    77
Invok: Berserk           |     1 |       |     8 ||     9
       Trog's Hand       |       |     1 |     6 ||     7
  Use: Scroll            |       |     5 |     5 ||    10
       Potion            |       |       |     4 ||     4
Armor: Ring mail         |    10 |       |       ||    10
       Scale mail        |     9 |    30 |    18 ||    57
       Chain mail        |       |       |    63 ||    63
       Skin              |       |       |    14 ||    14
Dodge: Dodged            |    33 |    56 |    81 ||   170
Block: Kite shield       |       |    22 |   219 ||   241
